 Dungeon Crawl Stone Soup version 0.30-a0-800-g7c544603b3 (webtiles) character file.

Game seed: 16274695336849591446

11263 cforsyth the Covert (level 12, 0/69 HPs)
             Began as a Kobold Brigand on Feb 23, 2023.
             Was a Priest of Hepliaklqana.
             Slain by a skeletal warrior
             ... wielding a +3 glaive
              (14 damage)
             ... on level 11 of the Dungeon.
             The game lasted 00:22:52 (10722 turns).

cforsyth the Covert (Kobold Brigand)               Turns: 10722, Time: 00:22:52

Health: 0/69       AC:  6    Str: 15    XL:     12   Next: 5%
Magic:  12/12      EV: 22    Int: 13    God:    Hepliaklqana [***...]
Gold:   453        SH:  8    Dex: 20    Spells: 11/11 levels left

rFire   + + .      SeeInvis .    a - +2 dagger (spect)
rCold   + . .      Faith    .    w - +2 buckler {rN+}
rNeg    + . .      Spirit   .    L - +2 robe {rF+}
rPois   .          Reflect  .    (no helmet)
rElec   .          Harm     .    l - scarf {rC+ rF+}
rCorr   .          Rampage  .    h - +1 pair of gloves
Will    +....                    (no boots)
Stlth   +++++++                  o - amulet of regeneration
HPRegen 1.11/turn                c - ring of willpower
MPRegen 0.13/turn                N - +6 ring of strength

@: about to teleport
A: reduced essence, small, no large weapons, nightstalker 3
a: Renounce Religion, Recall Ancestor, Ancestor Identity, Transference


You were on level 11 of the Dungeon.
You worshipped Hepliaklqana.
Hepliaklqana was most pleased with you.
You visited 1 branch of the dungeon, and saw 11 of its levels.
You also visited: Sewer.

You collected 633 gold pieces.
You spent 180 gold pieces at shops.

Inventory:

Hand Weapons
 a - a +2 spectral dagger (weapon)
 H - a +3 scimitar
Missiles
 d - 32 poisoned darts (quivered)
 e - 7 curare-tipped darts
 C - 5 atropa-tipped darts
Armour
 h - a +1 pair of gloves (worn)
 l - a scarf of resistance (worn)
 w - a +2 buckler of positive energy (worn)
 L - a +2 robe of fire resistance (worn)
Jewellery
 c - a ring of willpower (left hand)
 o - an amulet of regeneration (around neck)
 r - an amulet of guardian spirit
 N - a +6 ring of strength (right hand)
Wands
 u - a wand of acid (14)
 F - a wand of paralysis (12)
 I - a wand of polymorph (7)
 K - a wand of roots (3)
 P - a wand of flame (9)
Scrolls
 t - a scroll of enchant armour
 v - 3 scrolls of poison
 x - a scroll of fear
 y - a scroll of teleportation
 z - a scroll of silence {unknown}
 A - 6 scrolls of blinking
 B - a scroll of butterflies {unknown}
 E - a scroll of identify
 G - a scroll of fog {unknown}
 J - a scroll of torment {unknown}
 M - a scroll of enchant weapon {unknown}
 O - a scroll of immolation {unknown}
Potions
 b - a potion of resistance {unknown}
 f - a potion of berserk rage
 g - a potion of curing
 i - 2 potions of mutation {unknown}
 j - 2 potions of haste {unknown}
 k - 3 potions of might
 m - 2 potions of heal wounds
 n - 4 potions of invisibility
 p - 5 potions of brilliance
 q - a potion of lignification {unknown}
 s - a potion of attraction
 D - a potion of magic {unknown}


   Skills:
 + Level 9.7 Fighting
 + Level 11.5 Short Blades
 - Level 2.7 Throwing
 + Level 10.4 Dodging
 + Level 13.2 Stealth
 - Level 5.0 Shields


You had 11 spell levels left.
You didn't know any spells.
Your spell library contained the following spells:

 Spells                   Type           Power      Damage    Failure   Level
 Foxfire                  Conj/Fire      0%         2x1d4     41%         1
 Hailstorm                Conj/Ice       0%         3d3       80%         3
 Ice Form                 Ice/Tmut       0%         N/A       99%         4
 Fireball                 Conj/Fire      0%         3d3       100%        5
 Simulacrum               Ice/Necr       0%         N/A       100%        6
 Starburst                Conj/Fire      0%         6d3       100%        6


Dungeon Overview and Level Annotations

Branches:
Dungeon (11/15)            Temple (0/1) D:5            Lair (0/5) D:8
  Sewer (visited)
    Orc: D:9-12

Altars:
Ashenzari
Cheibriados
Elyvilon
Fedhas
Gozag
Hepliaklqana
Makhleb
Nemelex Xobeh
Ru
Sif Muna
Uskayaw
Zin

Shops:
D:3 [(   D:7 *


Innate Abilities, Weirdness & Mutations

Your life essence is reduced to manifest your ancestor. (-10% HP)
You are small and have problems with some larger weapons.
You are completely attuned to the shadows.


Message History

You are too injured to fight recklessly!
You are too injured to fight recklessly!
You are too injured to fight recklessly!
The yak gores Publius but does no damage.
The yak gores Publius.
You hit the yak.
The yak is lightly wounded.
Your +2 spectral dagger barely misses the yak.
Publius hits the yak with a +0 flail!
The yak dies!
The yak closely misses you.
The yak gores Publius!
The yak attacks as you move away! The yak gores you!
* * * LOW HITPOINT WARNING * * *
Something blocks the yak's attack.
You swap places.
Something barely misses Publius.
The yak gores you.
* * * LOW HITPOINT WARNING * * *
You see here a yak corpse.
The yak closely misses you. You block the yak's attack.
Publius hits the yak with a +0 flail!
The yak attacks as you move away! The yak closely misses you.
Publius hits the yak with a +0 flail!
Publius blocks the yak's attack.
Publius hits the yak with a +0 flail!
The yak dies!
The yak gores you.
* * * LOW HITPOINT WARNING * * *
The yak attacks as you move away! The yak completely misses you.
The yak attacks as you move away! The yak misses you.
The yak attacks as you move away! The yak gores you.
* * * LOW HITPOINT WARNING * * *
As you read the scroll of teleportation, it crumbles to dust.
You feel strangely unstable. The yak misses you.
The skeletal warrior hits you from afar with a +3 glaive!
* * * LOW HITPOINT WARNING * * *
The yak attacks as you move away! The yak misses you.
The yak attacks as you move away! You block the yak's attack.
Publius hits the skeletal warrior with a +0 flail.
You block the yak's attack.
The skeletal warrior hits you from afar with a +3 glaive!
You die...

######
##....#.##.....
#...)#.###...#
#....#..###..#
#...[##......#
#...R####.....
#####)##....##.^
................
###..)..##.....#.#
#@zz..)........#..
#.Y...........###.
#..z...........##.
#...z...........##
#....R........#...
#.............####
#.................
########.#####..##
#.##.....#


You could see the friendly Publius the knight, 4 skeletal warriors and a yak
(ally target).

Vanquished Creatures
  Erica (D:10)
  A centaur warrior (D:9)
  2 two-headed ogres
  Pikel (D:6)
  An unseen horror (D:11)
  A rime drake (D:8)
  3 trolls (D:11)
  A polar bear (D:8)
  Grinder (D:6)
  2 hornets
  Sigmund (D:4)
  A wraith (D:9)
  Edmund (D:4)
  Menkaure (D:5)
  2 water moccasins
  Duvessa (D:7)
  2 black bears (D:4)
  3 ice beasts (D:8)
  A sky beast (D:7)
  An ogre (D:6)
  An orc warrior (D:9)
  2 wolves (D:8)
  3 centaurs
  A lemure (D:6)
  2 kobold brigands
  4 bullfrogs
  A necrophage (D:6)
  6 scorpions
  12 wights
  19 killer bees
  A howler monkey (D:11)
  An orc priest (D:5)
  A hound (D:8)
  4 jellies
  Jessica (D:2)
  6 iguanas
  6 orc wizards
  2 gnolls
  7 river rats (Sewer)
  11 adders
  A shadow imp (D:5)
  A white imp (D:6)
  An ufetubus (D:3)
  2 worms
  5 dart slugs
  17 orcs
  14 endoplasms
  4 giant cockroaches
  7 goblins
  7 hobgoblins
  2 quokkas
  14 ball pythons
  4 bats
  8 frilled lizards
  33 kobolds
  22 rats
261 creatures vanquished.

Vanquished Creatures (collateral kills)
  A manticore (D:9)
  A troll (D:9)
  A shadow (D:9)
  2 yaks (D:11)
  A basilisk (D:7)
  An orc warrior (D:11)
  A wight (D:8)
  Dowan (D:7)
  A killer bee (D:9)
  2 orcs
12 creatures vanquished.

Vanquished Creatures (others)
  2 knights (D:11)
  3 ancestors
  2 gnolls (D:6)
  43 fungi
  13 toadstools (D:4)
63 creatures vanquished.

Grand Total: 336 creatures vanquished

Notes
Turn   | Place    | Note
-------+----------+-------------------------------------------
     0 | D:1      | cforsyth the Kobold Brigand began the quest for the Orb.
     0 | D:1      | Reached XP level 1. HP: 12/12 MP: 1/1
   146 | D:1      | Reached XP level 2. HP: 18/18 MP: 2/2
   430 | D:1      | Reached XP level 3. HP: 21/22 MP: 3/3
  1126 | D:2      | Noticed Jessica
  1143 | D:2      | Killed Jessica
  1144 | D:2      | Reached XP level 4. HP: 16/27 MP: 4/4
  1504 | D:2      | Reached skill level 6 in Stealth
  1918 | D:3      | Found a faded altar of an unknown god.
  1991 | D:3      | You fall into a shaft and drop 3 floors!
  2014 | D:6      | Found a blossoming altar of Fedhas.
  2018 | D:6      | Reached XP level 5. HP: 32/32 MP: 5/5
  2066 | D:5      | Entered Level 5 of the Dungeon
  2190 | D:4      | Reached XP level 6. HP: 22/37 MP: 6/6
  2204 | D:4      | Noticed a black bear
  2216 | D:4      | Killed a black bear
  2217 | D:4      | Reached skill level 7 in Stealth
  2217 | D:4      | Reached XP level 7. HP: 30/43 MP: 7/7
  2240 | D:4      | Found a glowing drain.
  2247 | Sewer    | Entered a sewer
  2274 | Sewer    | Reached skill level 5 in Short Blades
  2703 | D:4      | Noticed Sigmund
  2704 | D:4      | Found a sparkling altar of Nemelex Xobeh.
  2706 | D:4      | Killed Sigmund
  2707 | D:4      | Reached XP level 8. HP: 48/48 MP: 8/8
  2924 | D:3      | Found a shimmering blue altar of Sif Muna.
  3012 | D:4      | Reached skill level 5 in Fighting
  3012 | D:4      | Reached skill level 5 in Dodging
  3012 | D:4      | Reached skill level 8 in Stealth
  3549 | D:3      | Found Vetarap's Antique Armour Boutique.
  3558 | D:3      | Bought a shiny buckler for 180 gold pieces
  3774 | D:3      | Found Waecverr's Weapon Shoppe.
  3916 | D:3      | Found a hide-covered altar of Uskayaw.
  3999 | D:3      | Found a hazy altar of Hepliaklqana.
  4081 | D:3      | Became a worshipper of Hepliaklqana the Forgotten
  4565 | D:4      | Noticed Edmund
  4592 | D:4      | Killed Edmund
  4593 | D:4      | Reached skill level 1 in Shields
  5092 | D:5      | Found a staircase to the Ecumenical Temple.
  5230 | D:5      | Reached * piety under Hepliaklqana
  5311 | D:5      | Reached XP level 9. HP: 49/49 MP: 9/9
  5314 | D:5      | Reached skill level 9 in Stealth
  5541 | D:5      | Noticed Menkaure
  5547 | D:5      | Killed Menkaure
  5955 | D:6      | Noticed Pikel
  5956 | D:6      | Killed Pikel
  5964 | D:6      | Found a broken altar of Ashenzari.
  6160 | D:6      | Noticed Grinder
  6173 | D:6      | Paralysed by Grinder for 5 turns
  6186 | D:6      | Killed Grinder
  6187 | D:6      | Reached skill level 10 in Stealth
  6370 | D:6      | Reached XP level 10. HP: 52/54 MP: 10/10
  6448 | D:6      | Found a glowing silver altar of Zin.
  6647 | D:7      | Reached ** piety under Hepliaklqana
  6832 | D:7      | Found a white marble altar of Elyvilon.
  7059 | D:7      | Found Ocomuh's Blasphemy Boutique.
  7150 | D:7      | Noticed Dowan
  7155 | D:7      | Noticed Duvessa
  7234 | D:7      | Killed Duvessa
  7258 | D:7      | Killed Dowan
  7803 | D:8      | Found a sacrificial altar of Ru.
  8103 | D:8      | Identified the +9 flail "Mayhuniu" {heavy, rN+ Will- Int-4
                  | Dex+8}
  8456 | D:8      | Found a staircase to the Lair.
  8459 | D:8      | Reached skill level 11 in Stealth
  8460 | D:8      | Noticed a rime drake
  8465 | D:8      | Killed a rime drake
  8569 | D:8      | Found a burning altar of Makhleb.
  8870 | D:9      | Reached *** piety under Hepliaklqana
  8907 | D:9      | Found a snail-covered altar of Cheibriados.
  8999 | D:9      | Reached XP level 11. HP: 61/61 MP: 11/11
  9003 | D:9      | Noticed a two-headed ogre
  9016 | D:9      | Killed a two-headed ogre
  9017 | D:9      | Reached skill level 10 in Short Blades
  9100 | D:9      | Found an opulent altar of Gozag.
  9200 | D:9      | Reached skill level 5 in Shields
  9243 | D:9      | Remembered your ancestor Publius as a knight
  9329 | D:9      | Noticed a manticore
  9331 | D:9      | Noticed a centaur warrior
  9349 | D:9      | Killed a manticore
  9350 | D:9      | Reached skill level 12 in Stealth
  9369 | D:9      | Killed a centaur warrior
 10041 | D:10     | Entered Level 10 of the Dungeon
 10077 | D:10     | Noticed Erica
 10081 | D:10     | Killed Erica
 10082 | D:10     | Reached skill level 10 in Dodging
 10314 | D:11     | Noticed a two-headed ogre
 10321 | D:11     | Killed a two-headed ogre
 10333 | D:11     | Reached skill level 13 in Stealth
 10365 | D:11     | Paralysed by a hornet for 3 turns
 10515 | D:11     | Noticed a cyclops
 10517 | D:11     | Reached XP level 12. HP: 45/69 MP: 12/12
 10519 | D:11     | Noticed a skeletal warrior
 10607 | D:11     | Noticed a skeletal warrior
 10610 | D:11     | Noticed a skeletal warrior
 10613 | D:11     | Noticed a skeletal warrior
 10722 | D:11     | Slain by a skeletal warrior

Illustrated notes

Levels and vault maps discovered:
D:1:      evilmike_arrival_plus, layout_basic
D:2:      layout_loops_ring, dk_vineyard_3, kennysheep_path_1, uniq_jessica
D:3:      wad_river_or_something, layout_basic,
          mainiacjoe_overflow_surrounded_room,
          nicolae_overflow_ecumenical_swirl, mainiacjoe_overflow_alcove_1,
          serial_shops, nicolae_shop_advertising_works
          [nicolae_subvault_shop_adworks], shop, hangedman_decor_growths
D:4:      cheibrodos_fertilizer, layout_loops_cross, nemelex_spade_bored_becter,
          portal_sewer_entry_d, uniq_sigmund, uniq_edmund
D:5:      layout_gridville, minmay_temple_entry_glassed_door, uniq_menkaure
D:6:      layout_basic, fedhas_altar_4, mainiacjoe_overflow_swirl,
          lemuel_flamethrower_2, uniq_pikel, uniq_grinder
D:7:      layout_loops_corners, mainiacjoe_overflow_alcove_4, nicolae_evil_shop,
          uniq_duvessa
D:8:      layout_loops_ring, mainiacjoe_overflow_24_doors,
          makhleb_blood_cavern_becter, hellmonk_lair_entry_icy
D:9:      layout_loops_corners, grunt_gozag_breadcrumbs, slow_altar_1,
          minmay_chambers_of_fives
D:10:     layout_basic, mainiacjoe_overflow_catch_the_wave, uniq_erica
D:11:     layout_rooms, orc_0_dummy, grunt_ministairs_2, minmay_misc_feat_rows,
          hangedman_decor_peaks_small

Skill      XL: |  1  2  3  4  5  6  7  8  9 10 11 |
---------------+----------------------------------+-----
Short Blades   | 3 4 5 7 8 9 11 | 11.5
Dodging        | 2 3 4 6 7 8 10 | 10.4
Stealth        | 6 7 8 10 11 13 | 13.2
Fighting       | 3 4 5 6 8 9 |  9.7
Shields        | 1 3 4 5 |  5.0
Throwing       | |  2.7

Action                     |  1- 3 |  4- 6 |  7- 9 | 10-12 || total
---------------------------+-------+-------+-------+-------++-------
  Melee: Dagger            |    65 |    74 |   299 |   357 ||   795
         Punch             |     1 |     4 |     2 |       ||     7
 Invoke: Ancestor Life: Kn |       |       |       |     1 ||     1
    Use: Scroll            |       |     7 |     1 |     7 ||    15
         Potion            |       |       |     2 |     2 ||     4
   Stab: Sleeping          |    19 |     7 |    43 |    25 ||    94
         Distracted        |       |     2 |     9 |     6 ||    17
 Armour: Robe              |    12 |    15 |    22 |    25 ||    74
  Dodge: Dodged            |    39 |    43 |   159 |   214 ||   455
  Block: Buckler           |       |       |    35 |   108 ||   143

Table legend: (Time is in decaauts)
 A = Elapsed time spent in this place.
 B = Non-inter-level travel time spent in this place.
 C = Inter-level travel time spent in this place.
 D = Time resting spent in this place.
 E = Time spent auto-exploring this place.
 F = Levels seen in this place.
 G = Mean time per level.
                   A        B        C        D        E       F      G
               +--------+--------+--------+--------+--------+-----+--------+
         Total |  10515 |  10059 |    456 |    299 |   7873 |  12 |  876.2 |
       Dungeon |  10080 |   9624 |    456 |    299 |   7597 |  11 |  916.4 |
         Sewer |    435 |    435 |      0 |      0 |    276 |   1 |  435.0 |
               +--------+--------+--------+--------+--------+-----+--------+

Top non-repeatable levels by time:
     D:7: 1310 daAuts
     D:3: 1224 daAuts
     D:4: 1200 daAuts
     D:9: 1179 daAuts
     D:5: 1076 daAuts
     D:1: 925 daAuts
     D:2: 903 daAuts
     D:8: 857 daAuts
     D:6: 759 daAuts
    D:11: 442 daAuts
   Sewer: 435 daAuts
    D:10: 198 daAuts
